 Dungeon Crawl Stone Soup version 0.22-a0-430-g6609fc6 (webtiles) character file.

28917 GameOver the Destroyer (level 13, -3/117 HPs)
             Began as a Naga Wizard on May 26, 2018.
             Was a High Priest of Kikubaaqudgha.
             Killed from afar by a rime drake (21 damage)
             ... with a flash freeze
             ... on level 5 of the Lair of Beasts.
             The game lasted 01:37:29 (13121 turns).

GameOver the Destroyer (Naga Wizard)               Turns: 13121, Time: 01:37:29

Health: -3/117     AC: 15    Str: 19    XL:     13   Next: 41%
Magic:  3/18       EV:  9    Int: 22    God:    Kikubaaqudgha [*****.]
Gold:   467        SH:  8    Dex: 10    Spells: 6/19 levels left

rFire    + + +     SeeInvis +   w - +7 war axe of False Accusations {drain, *Rage *Noise rF+++ SInv}
rCold    . . .     Gourm    .   k - +0 buckler
rNeg     . . .     Faith    .   F - +2 leather armour {rF+}
rPois    +         Spirit   .   u - +0 helmet
rElec    .         Reflect  +   U - +1 cloak {+Inv}
rCorr    .         Harm     .   E - +2 pair of gloves
MR       ++...     Rnd*Rage +   (no barding)
Stlth    ++........             g - +4 amulet of reflection
HPRegen  0.29/turn              Y - ring of protection from magic
MPRegen  0.16/turn              Q - +3 ring of strength

@: mighty, berserk cooldown, slowed, very slow
A: large, see invisible, deformed body, poison resistance, slowness 2, slow
metabolism 1, spit poison 1, constrict 1, AC +4
a: Spit Poison, Receive Corpses, Torment, Renounce Religion, Evoke Invisibility


You were on level 5 of the Lair of Beasts.
You worshipped Kikubaaqudgha.
Kikubaaqudgha was extremely pleased with you.
You were near starving.

You visited 3 branches of the dungeon, and saw 17 of its levels.
You also visited: Sewer.

You collected 1096 gold pieces.
You spent 629 gold pieces at shops.

Inventory:

Hand Weapons
 q - a +0 hunting sling
 s - a +0 dagger of electrocution
 w - the +7 war axe of False Accusations (weapon) {drain, *Rage *Noise rF+++ SInv}
   (You found it on level 6 of the Dungeon)

   A truly terrible weapon, it drains the life of those it strikes.
   It renders you almost immune to fire.
   It lets you see invisible.
   It may make noises in combat.
   It may make you go berserk in combat.
 x - a +2 battleaxe of flaming
Missiles
 i - 152 sling bullets
 t - 86 bolts
Armour
 k - a +0 buckler (worn)
 u - a +0 helmet (worn)
 E - a +2 pair of gloves (worn)
 F - a +2 leather armour of fire resistance (worn)
 U - a +1 cloak of invisibility (worn)
Jewellery
 g - a +4 amulet of reflection (around neck)
 Q - a +3 ring of strength (right hand)
 Y - a ring of protection from magic (left hand)
Wands
 h - a wand of random effects (27)
 A - a wand of scattershot (4)
 I - a wand of flame (52)
 T - a wand of digging (14)
 W - a wand of acid (4)
Scrolls
 j - 7 scrolls of remove curse
 l - 6 scrolls of immolation {unknown}
 m - 12 scrolls of teleportation
 n - a scroll of magic mapping
 y - 2 scrolls of fog
 C - 7 scrolls of blinking {unknown}
 D - a scroll of vulnerability {unknown}
 N - 3 scrolls of noise {unknown}
 P - a scroll of holy word {unknown}
Potions
 a - a potion of curing
 b - 2 potions of might
 c - 4 potions of brilliance
 f - 4 potions of haste {unknown}
 v - 6 potions of flight
 z - a potion of invisibility
 B - a potion of berserk rage
 M - a potion of ambrosia
 R - a potion of cancellation
Comestibles
 d - 40 rations


   Skills:
 - Level 8.0 Fighting
 - Level 8.0 Short Blades
 - Level 6.0 Axes
 - Level 5.0 Armour
 - Level 1.5 Dodging
 - Level 3.0 Stealth
 - Level 3.0 Shields
 + Level 3.9 Spellcasting
 + Level 10.8 Conjurations
   Level 1.0 Summonings
 + Level 9.1 Necromancy
 - Level 4.0 Translocations
 + Level 3.4 Fire Magic
 - Level 10.0 Poison Magic


You had 6 spell levels left.
You knew the following spells:

 Your Spells              Type           Power        Failure   Level  Hunger
a - Venom Bolt            Conj/Pois      ######....   4%          5    ######.
b - Blink                 Tloc           N/A          3%          2    #......
d - Mephitic Cloud        Conj/Pois/Air  ####....     2%          3    ###....
s - Conjure Flame         Conj/Fire      #####...     1%          3    ###....

Your spell library contained the following spells:

 Spells                   Type           Power        Failure   Level  Hunger
 Magic Dart               Conj           ####         1%          1    None
 Fireball                 Conj/Fire      #####.....   19%         5    ######.
 Bolt of Fire             Conj/Fire      #####.....   71%         6    #######
 Bolt of Magma            Conj/Fire/Erth ####......   45%         5    ######.
 Slow                     Hex            #.......     21%         2    #......
 Ring of Flames           Chrm/Fire      ##........   100%        7    #######
 Animate Dead             Necr           N/A          3%          4    ####...
 Pain                     Necr           ####         1%          1    None
 Animate Skeleton         Necr           N/A          1%          1    None
 Vampiric Draining        Necr           #####.....   1%          3    ###....
 Call Imp                 Summ           #.......     13%         2    #......
 Dispel Undead            Necr           #####...     9%          5    ######.
 Sublimation of Blood     Necr           #####.....   1%          2    #......
 Iron Shot                Conj/Erth      ####......   91%         6    #######
 Agony                    Necr           #####...     9%          5    ######.
 Death Channel            Necr           #####.....   43%         6    #######
 Ignite Poison            Fire/Tmut/Pois ###.....     6%          3    ###....
 Orb of Destruction       Conj           ######....   78%         7    #######
 Iskenderun's Battlesphe  Conj/Chrm      ####....     36%         5    ######.
 Spellforged Servitor     Conj/Summ      ####......   100%        7    #######
 Ignition                 Fire           ###.......   100%        8    #######
 Borgnjor's Vile Clutch   Necr/Erth      ###.......   50%         5    ######.


Dungeon Overview and Level Annotations

Branches:
Dungeon (10/15)            Temple (1/1) D:5            Lair (6/6) D:9
  Swamp (0/4) Lair:2       Spider (0/4) Lair:2
  Slime: Lair:5-6       Orc: D:9-12

Altars:
Ashenzari
Cheibriados
Dithmenos
Elyvilon
Hepliaklqana
Kikubaaqudgha
Nemelex Xobeh
Okawaru
Qazlal
Sif Muna
Trog
Uskayaw
Vehumet
Xom
The Shining One

Shops:
D:4 %   D:6 ?   D:9 [   D:10 ?

Portals:
Trove: D:10 (give 7 potions of agility)

Annotations:
Lair:3 exclusion: 4 oklob plants


Innate Abilities, Weirdness & Mutations

You cannot wear boots.
Your serpentine skin is tough. (AC +4)
You have supernaturally acute eyesight. (SInv)
Armour fits poorly on your strangely shaped body.
Your system is resistant to poisons. (rPois)
You cover ground very slowly.
You have a slow metabolism.
You can spit poison.
You can use your snake-like lower body to constrict enemies.


Message History

Unknown command.
The spriggan seems less confused.
You block the rime drake's attack. The crocodile barely misses you.
The rime drake bites you but does no damage.
You climb upwards.
There is a stone staircase leading down here.
You feel better.
The crocodile bites you but does no damage.
The rime drake bites you but does no damage.
The crocodile bites you but does no damage.
Unknown command.
You closely miss the rime drake. You grab the rime drake.
The rime drake is heavily wounded.
You slash the crocodile! You constrict the rime drake.
The rime drake bites you but does no damage.
The crocodile barely misses you. The rime drake breathes ice at you.
The flash freeze hits you!
You die...
Kikubaaqudgha rasps: "You have failed me!
Welcome... death!"

###
##################
..##
##...............P#
..P##
#.................#
....#
#.................#
....##
#....kt.......P..##
.....#
#....@...........#
...#.##
##..............##
......#
#P..............#
....###
##...............#
.....#
#...............##
.....###
#..............####
.#..#..#
##P...............#
#.....##
###............###
##....#
####.............##


You could see a rime drake and a crocodile.

Vanquished Creatures
  A catoblepas (Lair:6)
  2 two-headed ogres
  3 hydras
  2 death yaks (Lair:5)
  Urug (Lair:3)
  Sonja (Lair:2)
  Pikel (D:9)
  3 elephants
  Maurice (D:9)
  3 black mambas
  The ghost of Totori the Covert, a novice KoWz of Ashenzari (D:6)
  9 spiny frogs
  7 komodo dragons
  A rime drake (Lair:4)
  Grinder (D:5)
  2 hornets
  Prince Ribbit (D:7)
  5 blink frogs
  6 hippogriffs
  Sigmund (D:2)
  Eustachio (D:6)
  19 yaks
  2 steam dragons (D:7)
  A basilisk (Lair:5)
  12 water moccasins
  4 orc warriors
  7 porcupines
  2 black bears
  5 ice beasts
  A sky beast (D:10)
  4 ogres
  A boggart (Lair:6)
  3 centaurs
  21 wolves
  8 crocodiles
  Blork the orc (D:6)
  14 bullfrogs
  A big kobold (D:10)
  A gnoll sergeant (D:6)
  4 killer bees
  5 crimson imps
  4 bullfrog skeletons
  5 hounds
  6 jellies
  11 orc wizards
  Crazy Yiuf (D:6)
  3 orc priests
  A centaur skeleton (D:6)
  Ijyb (D:5)
  4 iguanas
  A merfolk siren (Sewer)
  11 worker ants
  A merfolk avatar (Sewer)
  3 hound zombies
  2 howler monkey zombies
  Robin (D:3)
  A worker ant zombie (D:8)
  4 gnolls (D:6)
  9 adders
  A river rat (Sewer)
  2 shadow imps
  2 oozes
  7 worms
  3 adder skeletons
  2 adder zombies
  A dart slug (D:1)
  9 leopard geckos
  33 orcs
  10 giant cockroaches
  15 goblins
  6 hobgoblins
  13 jackals
  5 kobolds
  5 quokkas
  4 ball pythons
  13 bats
  4 frilled lizards
  A giant cockroach zombie (D:6)
  A quokka skeleton (D:8)
  28 rats
  A fungus (Lair:2)
404 creatures vanquished.

Vanquished Creatures (others)
  A slave (D:9)
  An orc wizard (D:9)
  9 fungi
  10 plants
21 creatures vanquished.

Grand Total: 425 creatures vanquished

Notes
Turn   | Place    | Note
-------+----------+-------------------------------------------
     0 | D:1      | GameOver the Naga Wizard began the quest for the Orb.
     0 | D:1      | Reached XP level 1. HP: 15/15 MP: 4/4
    51 | D:1      | Reached XP level 2. HP: 20/22 MP: 1/6
   349 | D:1      | Reached XP level 3. HP: 28/28 MP: 5/7
   353 | D:1      | Learned a level 2 spell: Blink
   357 | D:1      | Learned a level 3 spell: Mephitic Cloud
   879 | D:2      | Found a bloodstained altar of Trog.
   881 | D:2      | Noticed Sigmund
   885 | D:2      | Reached XP level 4. HP: 32/36 MP: 8/8
   937 | D:2      | Killed Sigmund
   937 | D:2      | Reached XP level 5. HP: 21/42 MP: 7/9
   937 | D:2      | Reached XP level 6. HP: 24/49 MP: 7/10
   962 | D:2      | Reached skill level 5 in Conjurations
  1442 | D:2      | Found a deep blue altar of Sif Muna.
  1590 | D:3      | Found a glowing drain.
  1590 | D:3      | Noticed Robin
  1607 | D:3      | Killed Robin
  1694 | Sewer    | Entered a sewer
  1872 | Sewer    | Reached skill level 1 in Fighting
  2001 | Sewer    | Reached skill level 1 in Short Blades
  2116 | D:3      | Reached XP level 7. HP: 57/57 MP: 1/11
  2212 | D:3      | Found a sparkling altar of Nemelex Xobeh.
  2386 | D:3      | Learned a level 3 spell: Conjure Flame
  2534 | D:4      | Found Fumeoman's Food Emporium.
  2939 | D:4      | Reached skill level 1 in Poison Magic
  3009 | D:4      | Found a shattered altar of Ashenzari.
  3234 | D:5      | Entered Level 5 of the Dungeon
  3241 | D:5      | Found a staircase to the Ecumenical Temple.
  3253 | Temple   | Entered the Ecumenical Temple
  3302 | Temple   | Became a worshipper of Kikubaaqudgha
  3467 | D:5      | Noticed Grinder
  3505 | D:5      | Killed Grinder
  3505 | D:5      | Reached XP level 8. HP: 53/69 MP: 0/12
  3917 | D:5      | Identified a scroll of acquirement
  3919 | D:5      | Got a steaming naga barding
  3925 | D:5      | Identified the -6 naga barding of Muoging {Dex+2} (You acquired it on level 5 of the Dungeon)
  4150 | D:5      | Noticed Ijyb
  4157 | D:5      | Killed Ijyb
  4250 | D:6      | Found a stormy altar of Qazlal.
  4251 | D:6      | Noticed Blork the orc
  4277 | D:6      | Killed Blork the orc
  4302 | D:6      | Reached skill level 1 in Fire Magic
  4400 | D:6      | Noticed Totori's ghost (novice KoWz)
  4457 | D:6      | Reached skill level 5 in Poison Magic
  4478 | D:6      | Noticed Eustachio
  4481 | D:6      | Found a radiant altar of Vehumet.
  4503 | D:6      | Found Tutoym's Magic Scroll Boutique.
  4512 | D:6      | Reached XP level 9. HP: 64/79 MP: 13/13
  4529 | D:6      | Bought a scroll of identify for 22 gold pieces
  4529 | D:6      | Bought a scroll of identify for 22 gold pieces
  4529 | D:6      | Bought a scroll of enchant weapon for 82 gold pieces
  4529 | D:6      | Bought a scroll of enchant weapon for 82 gold pieces
  4529 | D:6      | Bought a scroll of identify for 22 gold pieces
  4564 | D:6      | Reached skill level 5 in Fighting
  4564 | D:6      | Reached skill level 5 in Short Blades
  4653 | D:6      | Got a faintly glowing war axe
  4654 | D:6      | Identified the +7 war axe of False Accusations {drain, *Rage *Noise rF+++ SInv} (You found it on level 6 of the Dungeon)
  4679 | D:6      | Killed Eustachio
  4764 | D:6      | Killed Totori's ghost
  4764 | D:6      | Reached skill level 1 in Armour
  4764 | D:6      | Reached skill level 1 in Necromancy
  4885 | D:6      | Reached * piety under Kikubaaqudgha
  4885 | D:6      | Identified Kikubaaqudgha's Compendium of Black Rituals (Kikubaaqudgha gifted it to you on level 6 of the Dungeon)
  4885 | D:6      | Received a gift from Kikubaaqudgha
  4974 | D:6      | Found a runed door.
  4978 | D:6      | Noticed Crazy Yiuf
  4983 | D:6      | Killed Crazy Yiuf
  5144 | D:7      | Noticed Prince Ribbit
  5157 | D:7      | Killed Prince Ribbit
  5363 | D:7      | Reached XP level 10. HP: 91/91 MP: 7/14
  5722 | D:7      | You fall through a shaft for 3 floors!
  5722 | D:10     | Entered Level 10 of the Dungeon
  5758 | D:10     | Noticed a two-headed ogre
  5766 | D:10     | Killed a two-headed ogre
  5932 | D:10     | Found a portal to a secret trove of treasure.
  6058 | D:10     | Reached ** piety under Kikubaaqudgha
  6223 | D:9      | Found a staircase to the Lair.
  6320 | D:9      | Noticed Pikel
  6357 | D:9      | Killed Pikel
  6564 | D:8      | Reached skill level 5 in Armour
  6853 | D:8      | Noticed a two-headed ogre
  6861 | D:8      | Killed a two-headed ogre
  6861 | D:8      | Reached skill level 5 in Necromancy
  6861 | D:8      | Reached XP level 11. HP: 76/103 MP: 6/15
  7465 | D:9      | Reached *** piety under Kikubaaqudgha
  7465 | D:9      | Identified Kikubaaqudgha's Handbook of Necromancy (Kikubaaqudgha gifted it to you on level 9 of the Dungeon)
  7465 | D:9      | Received a gift from Kikubaaqudgha
  7559 | D:9      | Noticed Maurice
  7579 | D:9      | Killed Maurice
  7590 | D:9      | Found Idag's Armour Shoppe.
  7596 | D:9      | Bought a +1 cloak of invisibility for 231 gold pieces
  8307 | D:10     | Found Linnavvi's Magic Scroll Shop.
  8361 | D:10     | Bought a scroll of enchant armour for 97 gold pieces
  8361 | D:10     | Bought a scroll of identify for 26 gold pieces
  8361 | D:10     | Bought a scroll of amnesia for 45 gold pieces
  8411 | D:10     | Found a large runed door.
  8411 | D:10     | Found a large runed door.
  8554 | Lair:1   | Entered Level 1 of the Lair of Beasts
  8561 | Lair:1   | Learned a level 5 spell: Venom Bolt
  8722 | Lair:1   | Reached skill level 1 in Axes
  9364 | Lair:2   | Noticed Sonja
  9371 | Lair:2   | Killed Sonja
  9392 | Lair:2   | Reached **** piety under Kikubaaqudgha
  9409 | Lair:2   | Reached XP level 12. HP: 110/110 MP: 13/16
  9600 | Lair:2   | Found a hole to the Spider Nest.
  9817 | Lair:2   | Noticed a five-headed hydra
  9828 | Lair:2   | Killed a five-headed hydra
 10037 | Lair:2   | Reached skill level 5 in Axes
 10065 | Lair:2   | Found a staircase to the Swamp.
 10757 | Lair:3   | Noticed Urug
 10771 | Lair:3   | Killed Urug
 11335 | Lair:4   | Reached skill level 10 in Poison Magic
 12161 | Lair:5   | Reached skill level 10 in Conjurations
 12252 | Lair:5   | Noticed a death yak
 12252 | Lair:5   | Noticed a death yak
 12267 | Lair:5   | Killed a death yak
 12267 | Lair:5   | Gained mutation: You can use your snake-like lower body to constrict enemies. [Naga growth]
 12267 | Lair:5   | Reached XP level 13. HP: 109/117 MP: 8/17
 12899 | Lair:6   | Entered Level 6 of the Lair of Beasts
 13086 | Lair:6   | Reached ***** piety under Kikubaaqudgha
 13112 | Lair:6   | HP: 5/117 [death yak (15)]
 13121 | Lair:5   | Killed from afar by a rime drake

Vault maps used:
D:1:      evilmike_arrival_hilbert_curve
D:2:      bloody_trog, lemuel_blue_sif_altar, first_ration,
          serial_park_tiny_pond, grunt_decor_cap, uniq_sigmund
D:3:      nicolae_overflow_crystal_walls, cheibrodos_sewer_entry_sluice,
          uniq_robin
D:4:      ashenzari_altar_1, serial_shops, shop, st_stairs_7
D:5:      minmay_temple_entry_butterflies, minmay_misc_feat_alley, uniq_ijyb,
          uniq_grinder
D:6:      overflow_temple_1_default, serial_shops, nicolae_shop_stone,
          basic_altar, uniq_eustachio, uniq_crazy_yiuf_cottage,
          uniq_blork_the_orc
D:7:      cheibrodos_steamvent, uniq_prince_ribbit1
D:8:      dk_noncrumbling_3, wad_rectangle_vault
D:9:      david_lair_shrubbed, serial_shops, kennysheep_mini, uniq_pikel,
          uniq_maurice
D:10:     serial_shops, shop_statue, nicolae_trove_entry_crossroad,
          blue_anna_alchemist, lightli_elemental_guards
Temple:   minmay_crystal_spiral_temple
Lair:1:   nicolae_lair_grove_arrangements, serial_bayou_pond_e
Lair:2:   minmay_swamp_entry_reptiles, nicolae_spider_entry_non_spiders,
          minivault_11, uniq_sonja
Lair:3:   lemuel_fruit_fields, minmay_lair_oklob_chamber, grunt_megastairs_5,
          uniq_urug
Lair:5:   beast_lair_carwin_3
Lair:6:   minmay_lair_end_enchanted_forest, slime_altar_2, serial_bayou_shore_a
Sewer:    sewer_sea

Skill      XL: |  1  2  3  4  5  6  7  8  9 10 11 12 13 |
---------------+----------------------------------------+-----
Conjurations   | 2 3 4 5 6 8 10 | 10.8
Shields        | 2 3 |  3.0
Fighting       | 1 3 4 6 7 8 |  8.0
Short Blades   | 1 3 4 6 8 |  8.0
Poison Magic   | 2 5 7 10 | 10.0
Fire Magic     | 2 3 |  3.4
Armour         | 2 5 |  5.0
Necromancy     | 2 5 7 8 9 |  9.1
Axes           | 3 6 |  6.0
Translocations | 2 4 |  4.0
Dodging        | |  1.5
Stealth        | |  3.0
Spellcasting   | |  3.9
Summonings     | |  1.0

Action                   |  1- 3 |  4- 6 |  7- 9 | 10-12 | 13-15 || total
-------------------------+-------+-------+-------+-------+-------++-------
Melee: Unarmed           |     2 |       |       |       |       ||     2
       Dagger            |     1 |    82 |   248 |   424 |     8 ||   763
       Short sword       |       |     9 |       |     2 |       ||    11
       Trident           |       |       |     2 |       |       ||     2
       War axe           |       |       |       |   249 |    66 ||   315
       Constrict         |       |       |       |       |    11 ||    11
 Fire: Hunting sling     |       |       |    11 |    17 |       ||    28
 Cast: Magic Dart        |    34 |    73 |   143 |    68 |       ||   318
       Mephitic Cloud    |       |     2 |    10 |    37 |     5 ||    54
       Conjure Flame     |       |       |     2 |    20 |    10 ||    32
       Blink             |       |       |       |     4 |     5 ||     9
       Venom Bolt        |       |       |       |     6 |     3 ||     9
 Abil: Spit Poison       |    24 |    44 |    60 |   109 |    11 ||   248
Evoke: Wand              |       |       |       |     4 |     6 ||    10
  Use: Scroll            |       |       |    10 |     7 |     1 ||    18
       Potion            |       |       |       |       |     6 ||     6
 Stab: Sleeping          |       |     2 |     1 |     7 |       ||    10
       Confused          |       |       |     6 |    12 |     1 ||    19
  Eat: Chunk             |     1 |     6 |    14 |    27 |     4 ||    52
       Ration            |       |       |       |     2 |       ||     2
Armor: Robe              |     3 |    16 |    21 |       |       ||    40
       Leather armour    |       |       |    26 |   189 |    50 ||   265
Dodge: Dodged            |     8 |    24 |    71 |   179 |    37 ||   319
Block: Buckler           |     2 |    26 |    55 |   195 |    38 ||   316
       Reflection        |       |       |     6 |       |       ||     6

Table legend:
 A = Spawn XP
 B = Non-spawn XP
 C = Spawn XP percentage of total XP
 D = Spawn monster count
 E = Non-spawn monster count
 F = Spawn count percentage of total count
 G = Total turns spent on level
                    A         B        C        D         E        F      G
               +---------+---------+-------+---------+---------+-------+---------
         Total |       0 |   41310 |   0.0 |       0 |     403 |   0.0 | 13121
               +---------+---------+-------+---------+---------+-------+---------
           D:1 |       0 |      41 |   0.0 |       0 |      24 |   0.0 |   702
           D:2 |       0 |     305 |   0.0 |       0 |      13 |   0.0 |   774
           D:3 |       0 |     144 |   0.0 |       0 |      31 |   0.0 |   648
           D:4 |       0 |     418 |   0.0 |       0 |      19 |   0.0 |   750
           D:5 |       0 |     619 |   0.0 |       0 |      15 |   0.0 |   875
           D:6 |       0 |    2073 |   0.0 |       0 |      32 |   0.0 |   854
           D:7 |       0 |    1168 |   0.0 |       0 |      21 |   0.0 |   797
           D:8 |       0 |    2229 |   0.0 |       0 |      32 |   0.0 |   870
           D:9 |       0 |    2081 |   0.0 |       0 |      21 |   0.0 |   843
          D:10 |       0 |    3495 |   0.0 |       0 |      34 |   0.0 |   985
        Lair:1 |       0 |    4309 |   0.0 |       0 |      22 |   0.0 |   789
        Lair:2 |       0 |    7162 |   0.0 |       0 |      33 |   0.0 |   961
        Lair:3 |       0 |    2767 |   0.0 |       0 |      13 |   0.0 |   869
        Lair:4 |       0 |    3606 |   0.0 |       0 |      18 |   0.0 |   861
        Lair:5 |       0 |    7200 |   0.0 |       0 |      19 |   0.0 |   949
        Lair:6 |       0 |    3542 |   0.0 |       0 |      16 |   0.0 |   136
         Sewer |       0 |     151 |   0.0 |       0 |      40 |   0.0 |   360
               +---------+---------+-------+---------+---------+-------+---------
